 Dungeon Crawl Stone Soup version 0.27.0-1-g7a089689b8 (webtiles) character file.

Game seed: 15014924455861303743

31 shadowrider38 the Chiller (level 3, -4/31 HPs)
             Began as an Ogre Ice Elementalist on Aug 10, 2021.
             Succumbed to Sigmund's poison
             ... on level 2 of the Dungeon.
             The game lasted 00:04:40 (2055 turns).

shadowrider38 the Chiller (Ogre Ice Elementalist)   Turns: 2055, Time: 00:04:41

Health: -4/31      AC:  3    Str: 13    XL:     3   Next: 22%
Magic:  7/7        EV:  9    Int: 16    God:
Gold:   33         SH:  0    Dex:  9    Spells: 6/7 levels left

rFire    . . .     SeeInvis .   a - +0 hand axe
rCold    . . .     Faith    .   (no shield)
rNeg     . . .     Spirit   .   g - +0 robe
rPois    .         Reflect  .   (helmet restricted)
rElec    .         Harm     .   (no cloak)
rCorr    .         Rampage  .   (gloves unavailable)
Will     .....                  (boots unavailable)
Stlth    +.........             d - amulet of regeneration
HPRegen  1.10/turn              (no ring)
MPRegen  0.10/turn              (no ring)

@: lethally poisoned (-4 -> -32)
A: large, unfitting armour, tough skin 1
a: no special abilities


You were on level 2 of the Dungeon.
You visited 1 branch of the dungeon, and saw 2 of its levels.

You collected 33 gold pieces.

Inventory:

Hand Weapons
 a - a +0 hand axe (weapon)
Missiles
 h - 14 poisoned darts
Armour
 g - a +0 robe (worn)
Jewellery
 d - an amulet of regeneration (around neck)
Scrolls
 e - 2 scrolls of identify {unknown}
Potions
 b - 2 potions of flight {unknown}
 c - a potion of heal wounds {unknown}
 f - a potion of mutation {unknown}


   Skills:
 - Level 1.7 Dodging
 - Level 1.4 Stealth
 + Level 0.5 Unarmed Combat
 + Level 2.8 Spellcasting
 + Level 4.3 Ice Magic


You had 6 spell levels left.
You knew the following spells:

 Your Spells              Type           Power      Damage    Failure   Level
a - Freeze                Ice            64%        1d8       3%          1

Your spell library contained the following spells:

 Spells                   Type           Power      Damage    Failure   Level
 Frozen Ramparts          Ice            32%        1d5       10%         3
 Ozocubu's Armour         Ice            16%        N/A       10%         3
 Hailstorm                Conj/Ice       9%         3d4       61%         4


Dungeon Overview and Level Annotations

Branches:
Dungeon (2/15)

Altars:

Annotations:
D:2 Sigmund


Innate Abilities, Weirdness & Mutations

You are too large for most types of armour.
You have tough skin. (AC +1)


Message History

The worm is severely wounded.
The worm bites you.
* * * LOW HITPOINT WARNING * * *
You barely miss the worm.
The worm is severely wounded.
Aiming: Freeze (safe; 3% risk of failure)
Press: ? - help, Q - select action, (/) - cycle Shift-Dir - straight line, f - worm
Aim: a worm (severely wounded)
You freeze the worm!
You kill the worm!
You start resting.
HP restored.
You start waiting.
Sigmund is nearby!
Things that are here:
a +0 club; a kobold corpse Sigmund shouts!
Sigmund gestures at you while chanting. The puff of flame hits you.
There is a stone staircase leading down here.
Throw: 15 darts (poison)
Press: ? - help, Q - select action, (/) - cycle Shift-Dir - straight line, f - Sigmund
Aim: Sigmund, wielding a +2 scythe of venom and wearing a +0 robe (47% to hit)
You throw a poisoned dart. The poisoned dart hits Sigmund.
Sigmund is poisoned.
Sigmund gestures wildly while chanting.
Sigmund flickers and vanishes!
Deactivating autopickup; reactivate with Ctrl-A.
Aiming: Freeze (safe; 3% risk of failure)
Press: ? - help, Q - select action, (/) - cycle Shift-Dir - straight line Out of range.
Okay, then.
You are already wielding that!
Something hits you!
You are poisoned.
You feel very sick. Something hits you!
* * * LOW HITPOINT WARNING * * *
You are lethally poisoned!
You hit something.
You die...

#†.##......)....#.#
#..##.....#.#####.#
##)#......#.# #.#
#........#.# #.#
#........#.# #.#
..#####.#.....#.# #.#
...........)....# #.#
##
..######(.###########.#
.# #.>{@.......##.#
.##########
###########.##.#
.##........ #.#
.......##### #.#
###†.......# #.#
#..........# #.#
...........# #.#
..###......##### #.#
..# #.........### #.#


There were no monsters in sight!

Vanquished Creatures
  A worm (D:2)
  A dart slug (D:2)
  5 endoplasms
  3 giant cockroaches
  2 hobgoblins
  2 kobolds
  A quokka (D:2)
  2 bats (D:1)
  A frilled lizard (D:1)
  2 goblins (D:2)
  4 rats (D:1)
24 creatures vanquished.

Notes
Turn   | Place    | Note
-------+----------+-------------------------------------------
     0 | D:1      | shadowrider38 the Ogre Ice Elementalist began the quest for
                  | the Orb.
     0 | D:1      | Reached XP level 1. HP: 16/16 MP: 3/3
   633 | D:1      | Reached XP level 2. HP: 24/24 MP: 1/5
   741 | D:1      | Reached skill level 4 in Ice Magic
  1569 | D:2      | Noticed Sigmund
  1842 | D:2      | Reached XP level 3. HP: 31/31 MP: 4/7
  2055 | D:2      | Succumbed to Sigmund's poison

Illustrated notes

Levels and vault maps discovered:
D:1:      minmay_arrival_three_doors, layout_basic, minmay_misc_feat_encased
D:2:      layout_basic, hellmonk_ecumenical_altar_run_dry,
          hangedman_decor_growths, hangedman_decor_clover_reticule, uniq_sigmund

Skill      XL: |  1  2 |
---------------+-------+-----
Ice Magic      | 4 |  4.3
Dodging        | |  1.7
Stealth        | |  1.4
Unarmed Combat | |  0.5
Spellcasting   | |  2.8

Action                   || total
-------------------------++-------
Melee: Unarmed           ||    45
       Hand axe          ||    29
Throw: Dart              ||     1
 Cast: Freeze            ||    26
 Stab: Sleeping          ||     1
Armor: Robe              ||    33
Dodge: Dodged            ||    43
